Map: Pylon LE

Players

Spirit (souL) - Winner!

  • Race: Terran Terran
  • League: Master
  • Spawn Location: 11:00

LunaSea

  • Race: Protoss Protoss
  • Spawn Location: 5:00

Event: HomeStory Cup XXVII

VOD

Have the link to the VOD?

Description

Time

  • Played on: June 27, 2025, 12:06 p.m.
  • Length: 9:57

All games in this series

Show
View Real Time Build Order
Export as new Build Order

Spirit Terran - Winner!

Build Orders: Reaper Expand 

Get SALT Encoding   

  12  0:00  SCV  
  13  0:12  SCV  
  14  0:17  Supply Depot  
  14  0:24  SCV  
  15  0:38  SCV  
  15  0:40  Barracks  
  16  0:43  Refinery  
  16  0:50  SCV  
  17  1:03  SCV  
  18  1:15  SCV  
  19  1:27  Orbital Command, Reaper  
  20  1:40  Command Center  
  20  1:51  Supply Depot  
  20  1:53  SCV  
  21  1:59  Marine  
  22  2:05  SCV  
  22  2:08  Factory  
  23  2:13  Refinery  
  23  2:17  Marine  
  23  2:18  SCV  
  25  2:23  Bunker  
  25  2:30  SCV  
  25  2:35  Barracks Reactor  
  26  2:42  SCV  
  27  2:52  Hellion, Starport  
  27  2:55  Orbital Command  
  27  2:56  SCV  
  30  3:08  SCV  
  31  3:12  Marine x2  
  31  3:14  Widow Mine  
  35  3:20  SCV  
  35  3:21  SCV  
  37  3:30  Marine x2, Medivac  
  37  3:33  Supply Depot  
  41  3:36  SCV, Widow Mine  
  44  3:43  SCV  
  44  3:48  Marine, SCV  
  45  3:54  Marine  
  45  3:55  SCV  
  48  3:58  Supply Depot  
  48  4:00  Liberator, SCV  
  48  4:01  Factory Tech Lab  
  50  4:04  Barracks  
  50  4:07  SCV  
  51  4:10  Marine  
  51  4:12  SCV  
  53  4:18  Engineering Bay  
  53  4:19  Barracks, SCV  
  53  4:22  Siege Tank  
  57  4:24  SCV  
  57  4:28  Marine  
  57  4:29  Refinery  
  59  4:31  Marine, SCV  
  59  4:38  SCV  
  61  4:43  SCV  
  61  4:44  Starport Tech Lab  
  61  4:46  Marine  
  61  4:48  Terran Infantry Weapons Level 1  
  62  4:53  Refinery  
  62  4:54  Supply Depot x2  
  62  5:10  Missile Turret  
  62  5:15  Marine, SCV x2  
  62  5:17  Supply Depot  
  62  5:18  Supply Depot, Stimpack, Combat Shield  
  62  5:19  Factory Reactor, Starport Reactor  
  65  5:21  Marine  
  65  5:23  Marine  
  65  5:26  Marauder  
  65  5:27  SCV x2  
  71  5:33  Marine  
  71  5:40  SCV x2  
  73  5:47  Marine  
  73  5:48  Marauder  
  76  5:52  Marine x2, SCV x2  
  76  5:55  Supply Depot  
  77  5:58  Medivac  
  77  5:59  Barracks  
  77  6:00  Barracks  
  77  6:01  Medivac  
  77  6:04  SCV  
  82  6:06  Widow Mine x2  
  84  6:12  Marine x2  
  84  6:13  Marine x2  
  84  6:15  SCV  
  84  6:16  SCV  
  88  6:27  Supply Depot  
  88  6:28  Widow Mine x2  
  88  6:30  Marine x2  
  88  6:31  Marauder  
  96  6:36  Medivac  
  96  6:37  Concussive Shells  
  96  6:38  Medivac  
  100  6:45  Terran Infantry Armor Level 1  
  100  6:47  Barracks Reactor  
  100  6:48  Barracks Reactor  
  100  6:49  Supply Depot x2  
  100  6:53  Marauder, Marine  
  103  6:55  Marine  
  103  6:56  Marauder  
  103  7:10  Marine  
  103  7:11  Ghost Academy  
  103  7:13  Marine  
  103  7:14  Marauder  
  104  7:16  Marine  
  104  7:17  Medivac x2  
  104  7:18  Supply Depot  
  109  7:24  Marine  
  109  7:28  Marine  
  110  7:31  Marine x2  
  110  7:33  Marine x2  
  110  7:35  Marauder, Marine  
  100  7:39  Widow Mine x2  
  100  7:42  Marine  
  102  7:46  Marine  
  102  7:49  Marine x2  
  102  7:51  Marine  
  105  7:53  Ghost  
  105  7:54  Marine  
  105  7:55  Ghost  
  113  8:00  Marine, Widow Mine x2  
  113  8:03  Orbital Command  
  113  8:04  Missile Turret, Marine  
  119  8:06  Marine  
  119  8:08  Marine  
  119  8:12  Marine  
  118  8:14  Marine  
  118  8:18  Marine  
  100  8:22  Marauder, Marine, Widow Mine  
  100  8:24  Marine  
  100  8:25  Marauder  
  100  8:26  Marine  
  104  8:30  Marine  
  104  8:31  Marine  
  105  8:36  Marine  
  96  8:57  Ghost x2  
  96  8:58  Marine x6  
  96  9:01  Widow Mine  
  102  9:04  Widow Mine  
  104  9:15  Marine  
  104  9:16  Marine  
  106  9:18  Marine x4  
  110  9:26  Marine x2  
  112  9:32  Widow Mine x2  
  112  9:33  Marine  
  112  9:34  Marine  
  112  9:36  Marine  
  112  9:37  Marine  
  120  9:38  Marine  
Show
View Real Time Build Order
Export as new Build Order

LunaSea Protoss 

Build Orders: 1 Gate Expand, Oracle Opening, Carrier Rush 

Get SALT Encoding   

  12  0:00  Probe  
  13  0:12  Probe  
  14  0:17  Pylon  
  14  0:23  Probe  
  15  0:31  Probe  
  15  0:36  Gateway  
  15  0:39  Probe  
  16  0:46  Assimilator  
  17  0:51  Probe  
  18  1:03  Probe  
  19  1:15  Probe  
  20  1:23  Cybernetics Core  
  20  1:32  Nexus  
  20  1:37  Pylon  
  20  1:41  Probe  
  21  1:49  Assimilator  
  21  1:50  Adept  
  21  1:53  Probe  
  24  2:05  Probe  
  25  2:17  Probe  
  25  2:20  Adept  
  28  2:25  Stargate  
  28  2:29  Probe  
  29  2:35  Warp Gate  
  29  2:39  Probe  
  29  2:41  Probe  
  30  2:47  Probe  
  30  2:50  Probe  
  33  2:56  Probe, Adept  
  35  3:00  Probe  
  35  3:02  Gateway  
  37  3:08  Probe  
  37  3:12  Oracle, Probe  
  42  3:20  Probe  
  42  3:24  Probe, Shield Battery  
  44  3:32  Pylon, Probe  
  45  3:35  Assimilator  
  45  3:36  Probe  
  46  3:49  Assimilator  
  46  3:50  Probe x2  
  49  4:02  Probe  
  49  4:03  Fleet Beacon  
  49  4:05  Probe  
  50  4:15  Probe  
  52  4:17  Probe  
  52  4:18  Pylon  
  52  4:25  Stalker  
  52  4:28  Carrier  
  52  4:30  Pylon  
  54  4:36  Probe x2  
  56  4:51  Twilight Council  
  62  4:53  Gateway  
  62  4:55  Probe  
  62  4:58  Pylon, Gateway  
  62  4:59  Gateway  
  63  5:00  Gateway  
  63  5:05  Stalker x2  
  67  5:09  Probe  
  67  5:13  Carrier  
  68  5:18  Resonating Glaives  
  68  5:29  Pylon, Adept  
  76  5:41  Adept  
  78  5:46  Pylon  
  78  5:47  Pylon  
  77  5:52  Probe  
  77  5:56  Gateway  
  77  5:59  Gateway  
  77  6:02  Pylon  
  75  6:15  Carrier  
  80  6:29  Sentry  
  80  6:30  Sentry  
  80  6:32  Sentry x2  
  88  6:42  Adept x2  
  92  6:53  Adept x3  
  98  6:56  Pylon  
  98  7:01  Pylon  
  98  7:05  Adept x2  
  90  7:19  Adept x2  
  94  7:36  Pylon  
  94  7:40  Adept x3  
  94  7:42  Adept  
  94  7:45  Pylon x2  
  94  7:54  Sentry x3  
  100  7:59  Adept  
  102  8:11  Adept x4  
  94  8:21  Adept x3  
  94  8:25  Adept  
  87  8:35  Sentry x2  
  52  8:49  Sentry, Adept  
  46  8:57  Sentry x3  
  52  9:09  Adept  
  53  9:15  Adept  
  55  9:20  Adept  
  57  9:31  Adept  
  59  9:39  Adept  
  59  9:44  Adept  
Tags
 
Add a new tag
Caveats
  • Supply blocks, unpowered buildings, or Contaminate may cause inaccurate times.
  • Supply counts are checked every 10 seconds.